 Dungeon Crawl Stone Soup version 0.30-a0-1043-g60ff8d5f49 (webtiles) character file.

Game seed: 4431241534778806003

1638 cheesebisquit the Conjurer (level 8, -2/63 (69) HPs)
             Began as a Purple Draconian Conjurer on Apr 10, 2023.
             Was a Follower of Vehumet.
             Slain by a wight
             ... wielding a +2 long sword of freezing
              (14 damage)
             ... on level 6 of the Dungeon.
             The game lasted 00:23:15 (8565 turns).

cheesebisquit the Conjurer (DrCj)                   Turns: 8565, Time: 00:23:16

HP:   -2/63 (69)    AC:  7    Str:  9    XL:     8   Next: 66%
MP:   10/17         EV: 13    Int: 22    God:    Vehumet [*.....]
Gold: 210           SH:  0    Dex: 15    Spells: 6/19 levels left

rFire   . . .      SeeInvis .    t - +3 dagger (holy)
rCold   . . .      Faith    .    (no shield)
rNeg    . . .      Spirit   .    (body armour unavailable)
rPois   .          Reflect  .    (helmet restricted)
rElec   .          Rampage  .    e - +0 cloak
rCorr   +                        (no gloves)
Will    +....                    (no boots)
Stlth   ++                       (no amulet)
HPRegen 0.30/turn                q - +6 ring of dexterity
MPRegen 0.15/turn                F - ring of resist corrosion

@: drained, invisible
A: breathe power, AC +6, unfitting armour, cold-blooded
a: Breathe Dispelling Energy, Renounce Religion


You were on level 6 of the Dungeon.
You worshipped Vehumet.
Vehumet was aware of your devotion.
You visited 1 branch of the dungeon, and saw 6 of its levels.

You collected 210 gold pieces.

Inventory:

Hand Weapons
 k - a +1 vampiric dagger
 t - a +3 dagger of holy wrath (weapon)
 z - a +1 quarterstaff of speed
Missiles
 n - 2 atropa-tipped darts
 u - 8 poisoned darts
Armour
 e - a +0 cloak (worn)
Jewellery
 q - a +6 ring of dexterity (left hand)
 F - a ring of resist corrosion (right hand)
Wands
 v - a wand of flame (4)
 y - a wand of charming (13)
 C - a wand of acid (8)
 G - a wand of polymorph (13)
Scrolls
 a - 2 scrolls of fear {unknown}
 b - 2 scrolls of vulnerability {unknown}
 c - a scroll of fog {unknown}
 f - 2 scrolls of teleportation {unknown}
 i - 2 scrolls of enchant weapon {unknown}
 l - a scroll of poison {unknown}
 o - a scroll of amnesia {unknown}
 p - 4 scrolls of identify {unknown}
 A - a scroll of torment {unknown}
Potions
 d - a potion of flight {unknown}
 g - 2 potions of attraction {unknown}
 h - a potion of ambrosia {unknown}
 j - 2 potions of cancellation {unknown}
 r - a potion of lignification {unknown}
 s - a potion of brilliance {unknown}
 w - 2 potions of degeneration {unknown}
 x - a potion of curing {unknown}
 B - a potion of haste {unknown}
 D - 2 potions of heal wounds {unknown}
 E - a potion of might {unknown}


   Skills:
 + Level 5.4 Fighting
 + Level 2.2 Short Blades
 + Level 3.6 Dodging
 + Level 3.0 Stealth
 + Level 6.1 Spellcasting
 - Level 6.7 Conjurations
 + Level 3.6 Hexes


You had 6 spell levels left.
You knew the following spells:

 Your Spells              Type           Power      Damage    Failure   Level
a - Magic Dart            Conj           100%       1d8       1%          1
b - Fulminant Prism       Conj/Hex       14%        3d8       11%         4
c - Iskenderun's Mystic   Conj/Tloc      21%        2d6       22%         4
d - Dazzling Flash        Conj/Hex       58%        N/A       3%          3
z - Foxfire               Conj/Fire      84%        2x1d8     2%          1

Your spell library contained the following spells:

 Spells                   Type           Power      Damage    Failure   Level
 Searing Ray              Conj           72%        2d7       1%          2
 Scorch                   Fire           12%        2d6       14%         2
 Flame Wave               Conj/Fire      21%        2d8       22%         4
 Ozocubu's Armour         Ice            6%         N/A       26%         3
 Metabolic Englaciation   Hex/Ice        7%         N/A       75%         5
 Simulacrum               Ice/Necr       3%         N/A       100%        6
 Summon Cactus Giant      Summ           3%         N/A       100%        6


Dungeon Overview and Level Annotations

Branches:
Dungeon (6/15)             Temple (0/1) D:4

Altars:
Cheibriados
Fedhas
Kikubaaqudgha
Trog
Vehumet
Wu Jian

Shops:
D:3 *

Annotations:
D:5 2 transporters, SkeletonJelly's ghost, novice DsNe


Innate Abilities, Weirdness & Mutations

You can breathe bolts of dispelling energy.
Your rich purple scales are hard. (AC +6)
You cannot fit into any form of body armour.
You are cold-blooded and may be slowed by cold attacks.


Message History

You feel drained.
The magic dart hits the wight.
The wight is severely damaged.
The foxfire hits the wight.
The wight is almost destroyed.
The foxfire hits the wight.
The wight is almost destroyed.
Casting: Magic Dart (safe; 1% risk of failure)
Confirm with . or Enter, or press ? or * to list all spells.
You conjure some foxfire!
The wight hits you with a +4 scimitar!
You feel drained.
The magic dart hits the wight but does no damage.
The wight is almost destroyed.
The foxfire hits the wight.
You destroy the wight!
Vehumet accepts your kill.
The foxfire hits the wight but does no damage.
The wight hits you with a +2 long sword of freezing!
You feel drained.
You feel yourself slow down. The wight freezes you.
Your Stealth skill increases to level 3!
Casting: Magic Dart (safe; 1% risk of failure)
Confirm with . or Enter, or press ? or * to list all spells.
You conjure some foxfire!
The wight hits you with a +2 long sword of freezing.
The wight freezes you.
You are too injured to fight recklessly!
You hit the wight but do no damage.
You feel yourself speed up.
The foxfire hits the wight.
The wight is lightly damaged.
The foxfire hits the wight.
The wight is lightly damaged.
The wight barely misses you.
The wight hits you with a +2 long sword of freezing!
* * * LOW HITPOINT WARNING * * *
You feel drained. The wight freezes you.
* * * LOW HITPOINT WARNING * * *
You fade into invisibility!
The wight hits you with a +2 long sword of freezing!
You die...

# #ยง# #..#
#.# # #.#
#.)# #.# #
#.#
#.)###.# #
#.# ##
#....#.#
#### #.#
#.##.##.#.#
...# #.#
#.#.##.#.#
##.# #...
#..[..#.#
##.####..#
##.#..#.#
#..>....##
##z@...#
#........#
#.#).###
#.#####...
#.##..#
.........#
#.# #..#
#.#####.#
#.# #..#
#... ...
...# #####
### ...#
####


You could see a wight (unable to see you).

Vanquished Creatures
  2 water moccasins (D:5)
  A sky beast (D:6)
  2 centaurs
  2 phantoms
  3 scorpions
  4 wights (D:6)
  3 hounds
  5 jellies
  5 iguanas
  3 gnolls (D:6)
  10 adders
  A white imp (D:5)
  2 ufetubi
  2 worms
  7 dart slugs
  5 orcs
  6 bats
  4 endoplasms
  9 giant cockroaches
  6 goblins
  5 hobgoblins
  11 jackals
  12 kobolds
  2 quokkas
  9 ball pythons
  3 frilled lizards
  6 rats
  A rat zombie (D:4)
131 creatures vanquished.

Vanquished Creatures (others)
  13 foxfires (D:6)
  10 plants (D:1)
23 creatures vanquished.

Grand Total: 154 creatures vanquished

Notes
Turn   | Place    | Note
-------+----------+-------------------------------------------
     0 | D:1      | cheesebisquit the Draconian Conjurer began the quest for
                  | the Orb.
     0 | D:1      | Reached XP level 1. HP: 14/14 MP: 3/3
   230 | D:1      | Reached XP level 2. HP: 22/22 MP: 0/5
   426 | D:1      | Reached skill level 1 in Fighting
   477 | D:1      | Noticed a golden eye
   479 | D:1      | Found a faded altar of an unknown god.
   481 | D:1      | Noticed a floating eye
   481 | D:1      | Noticed a shining eye
   481 | D:1      | Noticed an eye of devastation
   829 | D:1      | Reached XP level 3. HP: 28/28 MP: 0/6
  2277 | D:2      | Reached XP level 4. HP: 36/36 MP: 5/7
  3067 | D:3      | Found a snail-covered altar of Cheibriados.
  3159 | D:3      | Reached skill level 5 in Conjurations
  3184 | D:3      | Learned a level 4 spell: Fulminant Prism
  3822 | D:3      | Found Kamyez's Assorted Antiques.
  4274 | D:4      | Reached XP level 5. HP: 41/41 MP: 5/9
  4321 | D:4      | Found an ornate altar of the Wu Jian Council.
  4470 | D:4      | Learned a level 4 spell: Iskenderun's Mystic Blast
  4494 | D:4      | Found a radiant altar of Vehumet.
  4514 | D:4      | Became a worshipper of Vehumet
  5044 | D:4      | Found a blossoming altar of Fedhas.
  5114 | D:4      | Found a staircase to the Ecumenical Temple.
  5156 | D:4      | Found an ancient bone altar of Kikubaaqudgha.
  5290 | D:5      | Entered Level 5 of the Dungeon
  5398 | D:5      | Noticed a phantom
  5406 | D:5      | Killed a phantom
  5407 | D:5      | Reached XP level 6. HP: 50/51 MP: 1/11
  5509 | D:5      | Noticed a water moccasin
  5518 | D:5      | Killed a water moccasin
  5674 | D:5      | Noticed a water moccasin
  5681 | D:5      | Killed a water moccasin
  5682 | D:5      | Your scales start taking on a rich purple colour.
  5682 | D:5      | Reached XP level 7. HP: 58/58 MP: 5/14
  5686 | D:5      | Learned a level 3 spell: Dazzling Flash
  5991 | D:5      | Reached skill level 1 in Hexes
  6265 | D:5      | Reached skill level 5 in Spellcasting
  7042 | D:5      | Found a transporter.
  7044 | D:5      | Noticed SkeletonJelly's ghost (novice DsNe)
  7046 | D:5      | Found a transporter.
  7206 | D:6      | Found a bloodstained altar of Trog.
  7227 | D:6      | Reached XP level 8. HP: 67/67 MP: 6/16
  7489 | D:6      | Reached skill level 1 in Short Blades
  7868 | D:6      | Reached skill level 5 in Fighting
  7956 | D:6      | Reached * piety under Vehumet
  7956 | D:6      | Offered knowledge of Foxfire by Vehumet.
  8026 | D:6      | Learned a level 1 spell: Foxfire
  8565 | D:6      | Slain by a wight

Illustrated notes

Levels and vault maps discovered:
D:1:      dpeg_chamrin_arrival_tetris, layout_basic,
          hellmonk_ecumenical_altar_watching_god, lexackson_kobold_supper
D:2:      layout_loops_corners, grunt_decor_fettered, minivault_19
D:3:      layout_loops_ring, cheibrodos_worm_habitat, serial_shops,
          nicolae_shop_waterfront
D:4:      layout_loops_cross, lemuel_zombie_altar_kikubaaqudgha,
          nicolae_wu_jian_immortal_techniques, fedhas_ov_isle_minmay,
          nicolae_vehumet_radiance, minmay_temple_entry_poolview
D:5:      cheibrodos_quashed, layout_loops_corners, gammafunk_ghost_mausoleum,
          kennysheep_generic_room_6
D:6:      layout_loops_ring, mainiacjoe_overflow_concentric_impassable,
          zin_academy

Skill      XL: |  1  2  3  4  5  6  7  8 |
---------------+-------------------------+-----
Fighting       | 1 2 3 4 5 |  5.4
Conjurations   | 5 6 |  6.7
Spellcasting   | 3 4 5 6 |  6.1
Dodging        | 3 |  3.6
Hexes          | 2 3 |  3.6
Stealth        | 2 3 |  3.0
Short Blades   | 2 |  2.2

Action                     |  1- 3 |  4- 6 |  7- 9 || total
---------------------------+-------+-------+-------++-------
  Melee: Unarmed           |    42 |       |       ||    42
         Tailslap          |     3 |       |     3 ||     6
         Punch             |     1 |     1 |       ||     2
         Whip              |     1 |       |       ||     1
         Dagger            |       |     3 |    27 ||    30
   Cast: Magic Dart        |    93 |   139 |   177 ||   409
         Dazzling Flash    |       |       |     7 ||     7
         Foxfire           |       |       |     8 ||     8
    Use: Potion            |     2 |       |     1 ||     3
 Armour: Skin              |    19 |     9 |    27 ||    55
  Dodge: Dodged            |    50 |    22 |    71 ||   143

Table legend: (Time is in decaauts)
 A = Elapsed time spent in this place.
 B = Non-inter-level travel time spent in this place.
 C = Inter-level travel time spent in this place.
 D = Time resting spent in this place.
 E = Time spent auto-exploring this place.
 F = Levels seen in this place.
 G = Mean time per level.
                   A        B        C        D        E       F      G
               +--------+--------+--------+--------+--------+-----+--------+
         Total |   8580 |   8145 |    435 |    481 |   6665 |   6 | 1430.0 |
       Dungeon |   8580 |   8145 |    435 |    481 |   6665 |   6 | 1430.0 |
               +--------+--------+--------+--------+--------+-----+--------+

Top non-repeatable levels by time:
     D:5: 2275 daAuts
     D:1: 1686 daAuts
     D:4: 1360 daAuts
     D:2: 1173 daAuts
     D:3: 1149 daAuts
     D:6: 934 daAuts
